 Dungeon Crawl Stone Soup version 0.31-a0-845-g9abc20d24f (webtiles) character file.

Game seed: 12034745499962405353

110 Danienth the Sneak (level 4, -19/20 HPs)
             Began as a Spriggan Brigand on Oct 2, 2023.
             Was a Follower of Hepliaklqana.
             Killed by an exploding hobgoblin (33 damage)
             ... ignited by their inner flame
             ... on level 2 of the Dungeon.
             The game lasted 00:07:09 (1306 turns).

Danienth the Sneak (Spriggan Brigand)               Turns: 1306, Time: 00:07:12

Health: -19/20     AC:  3    Str:  9    XL:     4   Next: 61%
Magic:  5/5        EV: 16    Int: 12    God:    Hepliaklqana [*.....]
Gold:   41         SH:  0    Dex: 22    Spells: 2/3 levels left

rFire   . . .        i - +0 dagger (venom)
rCold   . . .        (no shield)
rNeg    . . .        b - +0 robe
rPois   .            (helmet restricted)
rElec   .            c - +0 cloak
rCorr   .            (gloves unavailable)
SInv    +            (boots unavailable)
Will    .....        (no amulet)
Stlth   ++++         h - +6 ring of dexterity
HPRegen 0.23/turn    (no ring)
MPRegen 0.09/turn

%: no passive effects
@: very quick
A: reduced essence, very small, no large weapons, unfitting armour, see
invisible, speed 3
a: Renounce Religion, Recall Ancestor, Ancestor Identity


You were on level 2 of the Dungeon.
You worshipped Hepliaklqana.
Hepliaklqana was aware of your devotion.
You visited 1 branch of the dungeon, and saw 2 of its levels.

You collected 98 gold pieces.
You spent 57 gold pieces at shops.

Inventory:

Hand Weapons
 a - a +2 dagger
 i - a +0 dagger of venom (weapon)
Missiles
 d - 11 poisoned darts (quivered)
 e - 3 curare-tipped darts
 k - 5 boomerangs
Armour
 b - a +0 robe (worn)
 c - a +0 cloak (worn)
Magical Staves
 n - a staff of fire
Jewellery
 h - a +6 ring of dexterity (left hand)
Scrolls
 p - 2 scrolls of identify
Potions
 g - a potion of lignification
 j - a potion of attraction {unknown}
 l - 2 potions of curing


   Skills:
 * Level 2.4 Fighting
 * Level 3.3 Short Blades
 * Level 3.0 Throwing
 - Level 1.3 Dodging
 * Level 6.6 Stealth
 + Level 0.4 Spellcasting


You had 2 spell levels left.
You knew the following spells:

 Your Spells              Type           Power      Damage    Failure   Level
a - Necrotise             Necr           0%         1d4       32%         1

Your spell library contained the following spells:

 Spells                   Type           Power      Damage    Failure   Level
 Vampiric Draining        Necr           0%         2d6       67%         3
 Agony                    Necr           0%         N/A       100%        5


Dungeon Overview and Level Annotations

Branches:
Dungeon (2/15)

Altars:
Hepliaklqana

Shops:
D:1 *


Innate Abilities, Weirdness & Mutations

Your life essence is reduced to manifest your ancestor. (-10% HP)
You are very small and have problems with some larger weapons.
You are too small for most types of armour.
You have supernaturally acute eyesight. (SInv)
You cover ground extremely quickly. (Speed+++)


Message History

The goblin hits you with a +0 club.
You hit the goblin.
The goblin looks as sick as possible!
The goblin is severely wounded.
You kill the goblin!
You closely miss the goblin.
Robin roars a battlecry!
The goblins go into a battle-frenzy!
The goblin hits Kendra with a +0 club.
Kendra misses the goblin.
The goblin completely misses you.
You hear a shout!
You hit the goblin.
You kill the goblin!
The goblin hits you but does no damage. The goblin closely misses you.
Kendra misses the goblin.
Your Throwing skill increases to level 3!
As you read the scroll of immolation, it crumbles to dust.
The creatures around you are filled with an inner flame!
A hobgoblin comes into view.
The goblin misses you.
Kendra hits the goblin.
Flame seeps out of the goblin.
The hobgoblin barely misses you.
The hobgoblin barely misses Kendra.
Robin throws the goblin at you!
Kendra misses the goblin.
The goblin hits you but does no damage.
The hobgoblin attacks as it pursues you!
The hobgoblin closely misses you.
The goblin is engulfed in blazing flames.
The goblin explodes!
The fiery explosion engulfs the hobgoblin!!
The fiery explosion engulfs the goblin!
The fiery explosion engulfs the hobgoblin!!
Kendra avoids your attack.
The hobgoblin explodes!
Kendra avoids your attack.
The goblin explodes!
The fiery explosion engulfs Robin!!
Kendra avoids your attack.
Robin explodes!
The hobgoblin explodes!
Kendra avoids your attack.
The fiery explosion engulfs the goblin!!
The fiery explosion engulfs you!!
Ouch! That really hurt!
You die...

##.....## #.......#
######
#.......########......
#........).......#####
##......####..####
##......# ##.#
#.......# ♣♣♣.#
#...g...#♣♣..♣#
#...§@..♣♣..♣♣
##.§§R§#♣.R.♣ ♣♣♣ #
##§§○§.♣..♣♣♣♣.....♣♣
#§§§§§♣8......♣ ♣...
#§....♣_..⌠.♣♣♣ ♣♣ ♣
#gg...♣8.....♣ #
#.....♣..♣♣♣♣.♣ #..
#g....♣♣.♣♣#♣ ..♣♣.#
..#....♣♣.♣.♣♣ ♣.##


You could see the friendly Kendra the ancestor (inner flame), a hobgoblin
(strong) and 3 goblins.

Vanquished Creatures
  Robin (D:2)
  6 gnolls (D:2)
  A dart slug (D:1)
  4 bats (D:1)
  An endoplasm (D:1)
  2 giant cockroaches (D:1)
  9 goblins
  8 hobgoblins
  10 jackals (D:1)
  A quokka (D:1)
  4 ball pythons
  3 frilled lizards (D:1)
  A kobold (D:1)
  2 rats (D:1)
53 creatures vanquished.

Notes
Turn   | Place    | Note
-------+----------+-------------------------------------------
     0 | D:1      | Danienth the Spriggan Brigand began the quest for the Orb.
     0 | D:1      | Reached XP level 1. HP: 10/10 MP: 2/2
   114 | D:2      | Reached skill level 6 in Stealth
   114 | D:2      | Reached XP level 2. HP: 15/15 MP: 3/3
   135 | D:2      | Reached XP level 3. HP: 18/18 MP: 4/4
   617 | D:1      | Found Lokio's Assorted Antiques.
   623 | D:1      | Bought a scroll labelled NAERICS DEMOGH for 30 gold pieces
   623 | D:1      | Bought a sedimented orange potion for 27 gold pieces
   661 | D:1      | Learned a level 1 spell: Necrotise
   774 | D:1      | Reached XP level 4. HP: 23/23 MP: 5/5
  1265 | D:2      | Found a faded altar of an unknown god.
  1272 | D:2      | Prayed at the altar of an unknown god.
  1272 | D:2      | Became a worshipper of Hepliaklqana the Forgotten
  1272 | D:2      | Reached * piety under Hepliaklqana
  1298 | D:2      | Noticed Robin
  1306 | D:2      | Killed Robin
  1306 | D:2      | Killed by an exploding hobgoblin... ignited by their inner
                  | flame

Illustrated notes

Levels and vault maps discovered:
D:1:      saegor_arrival_simple_d, layout_basic, serial_shops, shop
D:2:      layout_rooms, shapermc_ecumenical_altar_totnotflames, uniq_robin

Skill      XL: |  1  2  3  4 |
---------------+-------------+-----
Stealth        | 6 |  6.6
Fighting       | 2 |  2.4
Short Blades   | 3 |  3.3
Throwing       | 3 |  3.0
Dodging        | |  1.3
Spellcasting   | |  0.4

Action                     |  1- 3 |  4- 6 || total
---------------------------+-------+-------++-------
  Melee: Dagger            |    56 |    36 ||    92
         Punch             |     1 |       ||     1
  Throw: Dart              |    24 |     5 ||    29
         Boomerang         |     4 |     5 ||     9
   Cast: Necrotise         |     1 |     6 ||     7
    Use: Scroll            |     7 |     1 ||     8
   Stab: Sleeping          |     8 |     1 ||     9
 Armour: Robe              |    13 |    18 ||    31
  Dodge: Dodged            |    42 |    32 ||    74

Table legend: (Time is in decaauts)
 A = Elapsed time spent in this place.
 B = Non-inter-level travel time spent in this place.
 C = Inter-level travel time spent in this place.
 D = Time resting spent in this place.
 E = Time spent auto-exploring this place.
 F = Levels seen in this place.
 G = Mean time per level.
                   A        B        C        D        E       F      G
               +--------+--------+--------+--------+--------+-----+--------+
         Total |    926 |    863 |     63 |     23 |    600 |   2 |  463.0 |
       Dungeon |    926 |    863 |     63 |     23 |    600 |   2 |  463.0 |
               +--------+--------+--------+--------+--------+-----+--------+

Top non-repeatable levels by time:
     D:1: 682 daAuts
     D:2: 244 daAuts
